 Dungeon Crawl Stone Soup version 0.28-a0-1613-gdaab1c2f9b (webtiles) character file.

Game seed: 1356852316590718076

621 Lekart the Chopper (level 7, 0/90 HPs)
             Began as a White Draconian Chaos Knight on Jan 21, 2022.
             Was a Plaything of Xom.
             Succumbed to an orc wizard's poison
             ... on level 5 of the Dungeon.
             The game lasted 00:09:34 (3756 turns).

Lekart the Chopper (White Draconian Chaos Knight)   Turns: 3756, Time: 00:09:34

Health: 0/90       AC: 23    Str: 14    XL:     7   Next: 22%
Magic:  9/9        EV:  2    Int: 13    God:    Xom [.*....]
Gold:   121        SH:  0    Dex: 12    Spells: 7/9 levels left

rFire   . . .      SeeInvis .   e - +4 war axe (flame)
rCold   . . .      Faith    .   (no shield)
rNeg    . . .      Spirit   .   (armour unavailable)
rPois   +          Reflect  .   (helmet currently unavailable)
rElec   .          Harm     .   (cloak currently unavailable)
rCorr   .          Rampage  .   (gloves currently unavailable)
Will    .....      NoTele   +   (boots currently unavailable)
Stlth   ++........              (no amulet)
HPRegen 0.25/turn               (no ring)
MPRegen 0.11/turn               (no ring)

@: brilliant, lethally poisoned (0 -> -13), tree-form, attractive
A: stationary, stasis, torment immunity, boosted hp, (breathe frost), AC +6,
unfitting armour, (cold resistance 1), (cold-blooded), (antennae 1), noise
suppression, devolution 1
a: Renounce Religion


You were on level 5 of the Dungeon.
You worshipped Xom.
You were a plaything of Xom.
You were a tree.
You visited 1 branch of the dungeon, and saw 5 of its levels.

You collected 121 gold pieces.

Inventory:

Hand Weapons
 a - a +0 hand axe of chaos
 e - a +4 war axe of flaming (weapon)
Missiles
 g - 3 javelins (quivered)
Armour
 b - a +0 cloak
 m - a +2 hat (melded)
Scrolls
 d - a scroll of teleportation
 f - 2 scrolls of identify
 i - a scroll of acquirement {unknown}
 j - 2 scrolls of blinking
 l - 3 scrolls of enchant weapon {unknown}
Potions
 c - a potion of lignification
 h - 2 potions of brilliance
 k - a potion of attraction


   Skills:
 + Level 4.7 Fighting
 + Level 6.0 Axes
 + Level 3.3 Dodging
 - Level 2.2 Stealth
 * Level 1.6 Spellcasting
 * Level 1.7 Transmutations


You had 7 spell levels left.
You knew the following spells:

 Your Spells              Type           Power      Damage    Failure   Level
a - Wereblood             Tmut           8%         N/A       19%         2

Your spell library contained the following spells:

 Spells                   Type           Power      Damage    Failure   Level
 Beastly Appendage        Tmut           16%        N/A       13%         1
 Sting                    Tmut/Pois      20%        1d4       19%         1
 Animate Skeleton         Necr           2%         N/A       26%         1
 Pain                     Necr           4%         1d4       26%         1
 Spider Form              Tmut/Pois      5%         N/A       50%         3
 Conjure Flame            Conj/Fire      1%         6-21      63%         3
 Inner Flame              Hex/Fire       1%         N/A       63%         3
 Vampiric Draining        Necr           1%         2d6       63%         3


Dungeon Overview and Level Annotations

Branches:
Dungeon (5/15)             Temple (0/1) D:4

Altars:
Cheibriados
Dithmenos
Makhleb
Nemelex Xobeh
Uskayaw
Xom

Shops:
D:1 [   D:4 *?*?


Innate Abilities, Weirdness & Mutations

You are a tree.
Your roots penetrate the ground, keeping you stationary.
You cannot be teleported.
You are immune to unholy pain and torment.
Your maximum health is greatly increased.
Your equipment is partially melded.
((You can breathe waves of freezing cold which knock back foes.))
((Your icy white scales are hard. (AC +6)))
You cannot fit into any form of body armour.
((Your flesh is cold resistant. (rC+)))
((You are cold-blooded and may be slowed by cold attacks.))
((You have a pair of small antennae on your head.))
You passively dampen the noise of your surroundings.
You have hidden genetic defects.


Message History

You feel very sick.
You hear some strange, mumbled words.
A puff of flame appears from out of thin air!
The puff of flame hits you. You resist.
* * * LOW HITPOINT WARNING * * *
Something hits you but does no damage.
You are more poisoned.
You see here a +0 shortbow.
It was a potion of brilliance.
You feel clever all of a sudden.
* * * LOW HITPOINT WARNING * * *
You feel very sick. Something hits you but does no damage.
You hear some strange, mumbled words.
A magic dart appears from out of thin air!
The magic dart hits you but does no damage.
There is a lethal amount of poison in your body!
Really quaff the potion of lignification?
You turn into a tree.
Your +2 hat melds into your body.
Your roots penetrate the ground.
* * * LOW HITPOINT WARNING * * *
You feel very sick.
Something hits you but does no damage. x2
It was a potion of attraction.
You feel attractive to monsters.
* * * LOW HITPOINT WARNING * * *
You feel very sick. Something hits you.
* * * LOW HITPOINT WARNING * * *
Something hits you.
* * * LOW HITPOINT WARNING * * *
It was a potion of mutation.
You feel extremely strange.
You no longer feel heat resistant.
You feel robust.
You feel your surroundings grow quieter.
You feel a hidden malignance growing inside you.
Xom roars with laughter!
A pair of antennae grows on your head!
Xom roars with laughter!
You die...
Xom titters!

#.. .....# #.# #....#
#. #.# #....# #.
##+####.# #....# #.
#....##.# #.#..# #.
#....##.#####.#..# #.
#....#...........# #.
#..........##.#..####.
#....♣.....##.........
#...{{.....##.#..####.
#....##+#####.#..####.
#....+ ..........
#)...# ##.#.#####.
..##### #.#.#####.
.... . ........ ##..
#. #.#.###. #[. .....


There were no monsters in sight!

Vanquished Creatures
  Grinder (D:4)
  A necrophage (D:4)
  A black bear (D:4)
  A water moccasin skeleton (D:4)
  2 hounds (D:4)
  4 adders
  A white imp (D:5)
  A worm (D:2)
  5 dart slugs
  6 orcs
  2 ball pythons
  6 endoplasms
  2 giant cockroaches
  5 goblins
  5 hobgoblins
  3 jackals (D:1)
  2 quokkas
  6 bats
  5 frilled lizards
  8 kobolds
  6 rats
73 creatures vanquished.

Notes
Turn   | Place    | Note
-------+----------+-------------------------------------------
     0 | D:1      | Lekart the Draconian Chaos Knight began the quest for the
                  | Orb.
     0 | D:1      | Reached XP level 1. HP: 19/19 MP: 1/1
    26 | D:1      | XOM: divination: detect creatures
   193 | D:1      | Reached XP level 2. HP: 20/26 MP: 2/2
   451 | D:1      | XOM: silly message
   797 | D:1      | XOM: god gift: +4 war axe of flaming
   814 | D:1      | XOM: give mutation
   814 | D:1      | Gained mutation: Your flesh is heat resistant. (rF+) [Xom's
                  | grace]
   957 | D:1      | Reached XP level 3. HP: 33/33 MP: 3/3
  1080 | D:1      | XOM: 4-stop teleportation journey
  1224 | D:1      | Found Teps's Antique Armour Emporium.
  1442 | D:2      | XOM: scenery: create altars
  1773 | D:2      | Reached XP level 4. HP: 39/40 MP: 4/4
  1798 | D:2      | Reached skill level 4 in Axes
  1853 | D:2      | Reached skill level 1 in Stealth
  2613 | D:3      | XOM is BORED!
  2816 | D:4      | Found Wesif's Magic Scroll Shop.
  2821 | D:4      | Found Kililot's Magic Scroll Shop.
  2821 | D:4      | Found Fieteh's Assorted Antiques.
  2825 | D:4      | Found Lyniomua's General Store.
  2825 | D:4      | Noticed a necrophage
  2825 | D:4      | XOM: potion effect (might)
  2830 | D:4      | Killed a necrophage
  2831 | D:4      | Reached XP level 5. HP: 41/46 MP: 5/5
  2893 | D:4      | XOM: silly message
  2967 | D:4      | Reached skill level 5 in Axes
  2975 | D:4      | XOM: give mutation
  2975 | D:4      | Gained mutation: You are frail. (-10% HP) [Xom's mischief]
  2978 | D:4      | Found a snail-covered altar of Cheibriados.
  2978 | D:4      | Found a shadowy altar of Dithmenos.
  2986 | D:4      | Found a burning altar of Makhleb.
  2988 | D:4      | Found a hide-covered altar of Uskayaw.
  2990 | D:4      | Found a sparkling altar of Nemelex Xobeh.
  2997 | D:4      | Learned a level 2 spell: Wereblood
  3220 | D:4      | XOM: noise
  3224 | D:4      | Reached XP level 6. HP: 44/47 MP: 6/6
  3257 | D:4      | Got Sif Muna's Catalogue of Fiery Venom
  3437 | D:4      | Found a staircase to the Ecumenical Temple.
  3455 | D:4      | Noticed Grinder
  3462 | D:4      | Killed Grinder
  3463 | D:4      | Reached skill level 1 in Spellcasting
  3463 | D:4      | Reached skill level 1 in Transmutations
  3463 | D:4      | Your scales start taking on an icy white colour.
  3463 | D:4      | Reached XP level 7. HP: 54/54 MP: 7/9
  3463 | D:4      | Gained mutation: Your flesh is cold resistant. (rC+) [White
                  | Draconian growth]
  3618 | D:4      | Reached skill level 6 in Axes
  3657 | D:5      | Entered Level 5 of the Dungeon
  3755 | D:5      | HP: 3/81 [something (2)]
  3756 | D:5      | Lost mutation: Your flesh is heat resistant. (rF+) [potion
                  | of mutation]
  3756 | D:5      | Lost mutation: You are frail. (-10% HP) [potion of
                  | mutation]
  3756 | D:5      | Gained mutation: You passively dampen the noise of your
                  | surroundings. [potion of mutation]
  3756 | D:5      | Gained mutation: You have hidden genetic defects. [potion
                  | of mutation]
  3756 | D:5      | Gained mutation: You have a pair of small antennae on your
                  | head. [potion of mutation]
  3756 | D:5      | Succumbed to an orc wizard's poison

Illustrated notes

Levels and vault maps discovered:
D:1:      shiori_arrival_elements, layout_basic, serial_shops,
          nicolae_shop_behind_doors
D:2:      layout_basic
D:3:      layout_loops_ring
D:4:      minmay_door_path, layout_basic, chequers_temple_overflow_minitemple,
          minmay_temple_entry_antechambers, minmay_shop_grid_forest,
          uniq_grinder
D:5:      layout_basic

Skill      XL: |  1  2  3  4  5  6  7 |
---------------+----------------------+-----
Axes           | 4 5 6 |  6.0
Stealth        | 1 2 |  2.2
Fighting       | 4 |  4.7
Dodging        | 3 |  3.3
Spellcasting   | 1 |  1.6
Transmutations | 1 |  1.7

Action                   |  1- 3 |  4- 6 |  7- 9 || total
-------------------------+-------+-------+-------++-------
Melee: Hand axe          |    60 |       |       ||    60
       Tailslap          |     9 |     6 |     1 ||    16
       War axe           |    39 |    67 |    10 ||   116
       Punch             |     1 |     1 |       ||     2
  Use: Scroll            |     4 |     1 |       ||     5
       Potion            |       |       |     4 ||     4
 Stab: Sleeping          |     2 |     4 |       ||     6
Armor: Skin              |    31 |    22 |    11 ||    64
Dodge: Dodged            |    86 |    49 |     2 ||   137

Table legend: (Time is in decaauts)
 A = Elapsed time spent in this place.
 B = Non-inter-level travel time spent in this place.
 C = Inter-level travel time spent in this place.
 D = Time resting spent in this place.
 E = Time spent auto-exploring this place.
 F = Levels seen in this place.
 G = Mean time per level.
                   A        B        C        D        E       F      G
               +--------+--------+--------+--------+--------+-----+--------+
         Total |   3802 |   3709 |     93 |    749 |   1913 |   5 |  760.4 |
       Dungeon |   3802 |   3709 |     93 |    749 |   1913 |   5 |  760.4 |
               +--------+--------+--------+--------+--------+-----+--------+

Top non-repeatable levels by time:
     D:1: 1389 daAuts
     D:4: 933 daAuts
     D:2: 747 daAuts
     D:3: 632 daAuts
     D:5: 100 daAuts
